 Dungeon Crawl Stone Soup version 0.29.1-13-g9f3cf754e1 (webtiles) character file.

Game seed: 4264539596834495705

412 devnull the Scholar of Death (level 6, -11/41 HPs)
             Began as a Demonspawn Necromancer on Jan 22, 2023.
             Was a Follower of Kikubaaqudgha.
             Mangled by Menkaure (18 damage)
             ... on level 4 of the Dungeon.
             The game lasted 00:11:38 (4406 turns).

devnull the Scholar of Death (DsNe)                 Turns: 4406, Time: 00:11:39

Health: -11/41     AC: 10    Str:  9    XL:     6   Next: 59%
Magic:  6/9        EV: 15    Int: 18    God:    Kikubaaqudgha [*.....]
Gold:   184        SH:  0    Dex: 13    Spells: 3/9 levels left

rFire   + . .      SeeInvis .   B - +2 short sword (protect)
rCold   x . .      Faith    .   (no shield)
rNeg    . . .      Spirit   .   l - +0 leather armour
rPois   .          Reflect  .   (helmet restricted)
rElec   .          Harm     .   (no cloak)
rCorr   .          Rampage  .   (no gloves)
Will    .....                   (no boots)
Stlth   ++........              f - amulet of the acrobat
HPRegen 0.13/turn               r - ring of fire
MPRegen 0.11/turn               A - +4 ring of evasion

@: under a protective aura
A: antennae 2, powered by death 2, demonic magic 1
a: Renounce Religion, Unearth Wretches


You were on level 4 of the Dungeon.
You worshipped Kikubaaqudgha.
Kikubaaqudgha was aware of your devotion.
You visited 1 branch of the dungeon, and saw 5 of its levels.

You collected 184 gold pieces.

Inventory:

Hand Weapons
 d - a +0 dagger
 B - a +2 short sword of protection (weapon)
Missiles
 y - 7 poisoned darts
Armour
 a - a +0 robe
 h - a +0 scale mail
 l - a +0 leather armour (worn)
 s - a +0 chain mail
Jewellery
 f - an amulet of the acrobat (around neck)
 r - a ring of fire (left hand)
 A - a +4 ring of evasion (right hand)
Wands
 c - a wand of light (8)
Scrolls
 g - 2 scrolls of torment
 i - 2 scrolls of enchant armour {unknown}
 m - a scroll of poison {unknown}
 n - a scroll of fear {unknown}
 u - a scroll of identify {unknown}
 v - 2 scrolls of teleportation {unknown}
 w - a scroll of noise {unknown}
 z - a scroll of brand weapon {unknown}
Potions
 b - a potion of magic
 e - a potion of curing {unknown}
 j - a potion of attraction {unknown}
 k - a potion of ambrosia
 o - a potion of brilliance {unknown}
 p - a potion of heal wounds {unknown}
 q - 2 potions of invisibility {unknown}
 t - 2 potions of might {unknown}
 x - a potion of flight {unknown}


   Skills:
 - Level 1.7 Dodging
 - Level 1.7 Stealth
 - Level 2.0 Spellcasting
 + Level 8.8 Necromancy


You had 3 spell levels left.
You knew the following spells:

 Your Spells              Type           Power      Damage    Failure   Level
a - Necrotise             Necr           100%       1d9       1%          1
b - Vampiric Draining     Necr           33%        2d8       1%          3
c - Sublimation of Blood  Necr           33%        N/A       1%          2

Your spell library contained the following spells:

 Spells                   Type           Power      Damage    Failure   Level
 Sandblast                Erth           2%         2d4       26%         1
 Passwall                 Tmut/Erth      0%         N/A       36%         2
 Stone Arrow              Conj/Erth      2%         3d7       58%         3
 Animate Dead             Necr           33%        N/A       7%          4
 Agony                    Necr           33%        N/A       19%         5
 Freezing Cloud           Conj/Ice/Air   0%         6-21      100%        5
 Simulacrum               Ice/Necr       8%         N/A       100%        6
 Polar Vortex             Ice            0%         N/A       100%        9


Dungeon Overview and Level Annotations

Branches:
Dungeon (5/15)
 Temple: D:4-7

Altars:
Kikubaaqudgha
Makhleb
Sif Muna
Trog

Annotations:
D:4 Menkaure


Innate Abilities, Weirdness & Mutations

You have a pair of antennae on your head.
You regenerate health from kills.
Spells you cast may paralyse adjacent enemies.


Message History

Aim: an endoplasm You draw life force from the endoplasm!
You kill the endoplasm!
Kikubaaqudgha accepts your kill.
You feel life coursing into your body. Malevolent energies surge around you.
Unknown command.
You climb downwards.
There is a stone staircase leading up here.
You climb upwards.
Level annotation: Menkaure Menkaure mumbles some strange words.
Menkaure seems to speed up.
There is a stone staircase leading down here.
Unknown command.
Casting: Vampiric Draining (safe; 1% risk of failure)
Confirm with . or Enter, or press ? or * to list all spells.
You can't see any susceptible monsters within range! (Use Z to cast anyway.) Unknown command.
Unknown command.
A - a +4 ring of evasion (right hand) Unknown command.
You closely miss Menkaure. Menkaure hits you!! Menkaure casts a spell at you.
Pain shoots through your body!
* * * LOW HITPOINT WARNING * * *
Okay, then.
As you read the scroll labelled DEIGHI OSSUO, it crumbles to dust.
Your body is wracked with pain!
* * * LOW HITPOINT WARNING * * *
It was a scroll of torment.
Menkaure misses you.
You hit Menkaure.
Your weapon exudes an aura of protection.
Menkaure is lightly damaged.
Menkaure gestures at you while chanting.
You barely resist. You hit Menkaure.
Menkaure is moderately damaged.
Menkaure hits you!!
You die...
Kikubaaqudgha rasps: "You have failed me!
Welcome... death!"

### #...
#.############...
#............#.#.
#######.##########.#.#.
#.........# #.#.#.
...####.#.########.#.#.
#...)#..........#.#.
#.#M................ .
#.#@............#.#. ..
{ #.###.[.#######.#.#.
... #.# #.....# #.#.#.
.... #M# #####.# #.#>#.
..... #.# .# #.#.#.
...../#.## ####..
..#.## ....:....#......
# J.#.#
....##.......... ..
#...#......


You could see Menkaure (fast).

Vanquished Creatures
  Sigmund (D:4)
  An orc priest (D:3)
  2 iguanas (D:4)
  Terence (D:2)
  5 adders
  2 worms (D:2)
  3 orcs (D:3)
  7 ball pythons
  9 endoplasms
  3 giant cockroaches
  11 goblins
  5 hobgoblins
  5 jackals
  8 kobolds
  4 quokkas
  6 bats
  2 frilled lizards
  6 rats
81 creatures vanquished.

Notes
Turn   | Place    | Note
-------+----------+-------------------------------------------
     0 | D:1      | devnull the Demonspawn Necromancer began the quest for the
                  | Orb.
     0 | D:1      | Reached XP level 1. HP: 13/13 MP: 3/3
   157 | D:1      | Gained mutation: Spells you cast may paralyse adjacent
                  | enemies. [demonic ancestry]
   157 | D:1      | Reached XP level 2. HP: 19/19 MP: 5/5
   185 | D:1      | Reached skill level 5 in Necromancy
   759 | D:1      | Gained mutation: You have a pair of small antennae on your
                  | head. [demonic ancestry]
   759 | D:1      | Reached XP level 3. HP: 22/24 MP: 6/6
  1333 | D:2      | Reached skill level 6 in Necromancy
  1675 | D:2      | Gained mutation: You have a pair of antennae on your head.
                  | [demonic ancestry]
  1675 | D:2      | Reached XP level 4. HP: 30/30 MP: 3/7
  1717 | D:2      | Found an ancient bone altar of Kikubaaqudgha.
  1729 | D:2      | Became a worshipper of Kikubaaqudgha
  1839 | D:2      | Noticed Terence
  1846 | D:2      | Learned a level 3 spell: Vampiric Draining
  1854 | D:2      | Killed Terence
  2314 | D:3      | Found a faded altar of an unknown god.
  2380 | D:3      | HP: 1/30 [orc/+0 trident (5)]
  2390 | D:2      | Reached skill level 7 in Necromancy
  2390 | D:2      | Gained mutation: You regenerate a little health from kills.
                  | [demonic ancestry]
  2390 | D:2      | Reached XP level 5. HP: 23/35 MP: 4/8
  2996 | D:3      | Reached * piety under Kikubaaqudgha
  2996 | D:3      | Received a gift from Kikubaaqudgha
  3001 | D:3      | Learned a level 2 spell: Sublimation of Blood
  3233 | D:3      | Found a burning altar of Makhleb.
  3379 | D:4      | Noticed Sigmund
  3389 | D:4      | Killed Sigmund
  3390 | D:4      | Reached skill level 8 in Necromancy
  3390 | D:4      | Gained mutation: You regenerate health from kills. [demonic
                  | ancestry]
  3390 | D:4      | Reached XP level 6. HP: 24/41 MP: 2/9
  3863 | D:4      | Found a bloodstained altar of Trog.
  3943 | D:4      | Found a shimmering blue altar of Sif Muna.
  4295 | D:4      | Noticed Menkaure
  4315 | D:5      | Entered Level 5 of the Dungeon
  4406 | D:4      | Mangled by Menkaure

Illustrated notes

Levels and vault maps discovered:
D:1:      ncdulo_lavacross, layout_loops_ring, amcnicky_mini_pool_small,
          minmay_vboxes
D:2:      layout_rooms, basic_altar, kennysheep_flooded_box, uniq_terence
D:3:      layout_basic, mainiacjoe_overflow_boulevard,
          hellmonk_ecumenical_altar_blasted
D:4:      layout_basic, mainiacjoe_overflow_paths, general_overflow_altar,
          uniq_menkaure, uniq_sigmund
D:5:      gammafunk_cloud_chamber, layout_basic, kennysheep_generic_room_2

Skill      XL: |  1  2  3  4  5 |
---------------+----------------+-----
Necromancy     | 5 6 7 8 |  8.8
Dodging        | |  1.7
Stealth        | |  1.7
Spellcasting   | |  2.0

Action                   |  1- 3 |  4- 6 || total
-------------------------+-------+-------++-------
Melee: Dagger            |    62 |    70 ||   132
       Unarmed           |     3 |       ||     3
       Punch             |     1 |     2 ||     3
       Short sword       |       |    19 ||    19
Throw: Dart              |       |     4 ||     4
 Cast: Necrotise         |    58 |     9 ||    67
       Vampiric Draining |       |    29 ||    29
  Use: Potion            |       |     1 ||     1
       Scroll            |       |     1 ||     1
 Stab: Sleeping          |     1 |     1 ||     2
       Paralysed         |     2 |     4 ||     6
Armor: Robe              |     4 |       ||     4
       Scale mail        |     6 |       ||     6
       Leather armour    |    13 |    27 ||    40
Dodge: Dodged            |    41 |    94 ||   135
